Map: Forteresse de fer EC

Players

taktic - Winner!

  • Race: Zerg Zerg

AgCl

  • Race: Protoss Protoss

VOD

Have the link to the VOD?

Description

Time

  • Played on: May 5, 2015, 7:07 a.m.
  • Length: 10:24
Show
View Real Time Build Order
Export as new Build Order

taktic Zerg - Winner!

Build Orders: Hatch First 

Get SALT Encoding   

  12  0:01  Drone  
  13  0:13  Overlord  
  13  0:17  Drone  
  14  0:31  Drone x2  
  16  0:38  Drone  
  17  0:46  Drone  
  18  0:58  Hatchery  
  17  1:05  Drone  
  17  1:10  Drone  
  19  1:20  Spawning Pool  
  19  1:22  Drone  
  19  1:33  Overlord  
  20  1:54  Drone x2  
  21  2:02  Drone  
  21  2:07  Queen  
  24  2:22  Zergling x4  
  26  2:26  Zergling x4  
  28  2:34  Hatchery  
  27  2:45  Zergling x4  
  27  2:50  Queen  
  27  2:51  Overlord  
  31  2:52  Drone  
  31  2:54  Extractor  
  31  2:55  Extractor  
  30  3:02  Spine Crawler  
  29  3:23  Drone x2  
  29  3:24  Zergling x4  
  29  3:25  Roach Warren, Zergling x2  
  33  3:44  Overlord  
  33  3:47  Drone x3  
  34  4:02  Zergling x8  
  33  4:10  Roach  
  35  4:27  Roach  
  35  4:28  Roach x3  
  43  4:36  Spore Crawler  
  42  4:40  Overlord  
  42  4:57  Roach x4  
  42  4:58  Roach  
  50  5:06  Ravager  
  50  5:07  Overlord  
  51  5:14  Queen  
  48  5:25  Drone  
  49  5:29  Ravager x2  
  51  5:44  Drone x4  
  55  5:50  Drone  
  33  6:26  Roach x2  
  33  6:27  Roach x3  
  33  6:29  Lair  
  33  6:31  Drone x2  
  43  6:33  Drone  
  43  6:34  Spore Crawler  
  43  6:47  Queen  
  45  6:55  Spore Crawler  
  45  6:57  Ravager x2  
  46  7:06  Drone x3  
  47  7:33  Overlord, Zergling x4  
  47  7:36  Roach  
  55  7:37  Hydralisk Den, Roach x4  
  55  7:40  Roach  
  57  7:58  Zergling x4  
  57  7:59  Zergling x2  
  58  8:12  Hydralisk  
  58  8:13  Muscular Augments  
  58  8:15  Drone x4  
  58  8:16  Drone x2  
  60  8:28  Overlord x2  
  60  8:39  Overlord x2  
  58  8:53  Hydralisk x4  
  61  9:10  Hydralisk x2  
  63  9:21  Overlord  
  63  9:24  Hydralisk x2  
  63  9:28  Drone x2  
  63  9:29  Drone x3  
  72  9:41  Roach x3  
  78  9:54  Drone  
  78  9:55  Hatchery  
  78  9:56  Extractor  
  78  9:57  Extractor  
  78  9:59  Evolution Chamber  
  75  10:01  Overlord  
  75  10:04  Drone x2  
Show
View Real Time Build Order
Export as new Build Order

AgCl Protoss 

Build Orders: Double Forge, Double Forge 

Get SALT Encoding   

  12  0:13  Probe  
  13  0:16  Pylon  
  13  0:25  Probe  
  14  0:34  Forge  
  14  0:40  Probe (Chrono Boost)  
  16  0:51  Probe (Chrono Boost)  
  16  0:57  Probe (Chrono Boost)  
  17  1:09  Probe  
  18  1:12  Assimilator  
  18  1:13  Pylon  
  18  1:21  Probe  
  19  1:34  Pylon  
  19  1:53  Gateway  
  19  1:55  Photon Cannon  
  19  1:58  Photon Cannon  
  19  1:59  Probe  
  20  2:10  Pylon  
  20  2:35  Pylon  
  20  2:36  Pylon  
  20  2:41  Cybernetics Core, Probe  
  20  2:43  Assimilator  
  21  2:48  Zealot (Chrono Boost)  
  22  2:53  Probe  
  23  3:00  Photon Cannon  
  23  3:08  Probe  
  23  3:20  Probe (Chrono Boost)  
  23  3:21  Stargate  
  23  3:23  Warp Gate (Chrono Boost)  
  23  3:24  Pylon  
  24  3:32  Probe (Chrono Boost)  
  25  3:38  Probe (Chrono Boost), Forge  
  25  3:40  Gateway  
  28  3:49  Mothership Core (Chrono Boost)  
  25  4:03  Probe  
  21  4:12  Oracle (Chrono Boost)  
  21  4:15  Probe  
  25  4:27  Photon Cannon  
  25  4:30  Probe (Chrono Boost)  
  26  4:38  Protoss Ground Weapons Level 1 (Chrono Boost)  
  26  4:42  Probe (Chrono Boost)  
  27  4:50  Probe  
  26  5:03  Probe  
  24  5:29  Void Ray (Chrono Boost)  
  24  5:31  Probe  
  29  5:48  Probe  
  30  5:52  Nexus  
  30  6:02  Adept x2  
  34  6:17  Probe (Chrono Boost)  
  28  6:26  Probe (Chrono Boost)  
  28  6:31  Void Ray  
  33  6:46  Photon Cannon  
  32  6:48  Probe (Chrono Boost)  
  33  6:56  Probe (Chrono Boost)  
  34  7:05  Probe  
  33  7:17  Probe  
  32  7:24  Stalker x2  
  32  7:26  Probe (Chrono Boost)  
  38  7:33  Probe (Chrono Boost)  
  38  7:38  Probe (Chrono Boost)  
  40  7:45  Probe (Chrono Boost)  
  40  7:46  Probe (Chrono Boost)  
  41  7:54  Probe  
  42  8:00  Probe  
  42  8:03  Pylon  
  42  8:13  Probe (Chrono Boost)  
  42  8:15  Probe (Chrono Boost)  
  43  8:20  Assimilator  
  43  8:21  Stalker x2  
  43  8:23  Probe (Chrono Boost), Assimilator  
  43  8:25  Probe (Chrono Boost)  
  49  8:30  Probe  
  48  8:35  Probe  
  49  8:43  Probe, Void Ray (Chrono Boost)  
  49  8:48  Probe  
  53  8:58  Pylon  
  53  9:06  Probe  
  53  9:07  Probe  
  49  9:16  Fleet Beacon  
  49  9:18  Probe  
  50  9:31  Probe (Chrono Boost)  
  48  9:36  Void Ray (Chrono Boost)  
  48  9:37  Probe (Chrono Boost)  
  52  9:40  Probe (Chrono Boost)  
  52  9:44  Probe (Chrono Boost)  
  54  9:48  Probe  
  55  9:55  Probe  
  57  10:12  Pylon  
  56  10:19  Pylon  
Tags
 
Add a new tag
Caveats
  • Supply blocks, unpowered buildings, or Contaminate may cause inaccurate times.
  • Supply counts are checked every 10 seconds.